 Dungeon Crawl Stone Soup version 0.29.0-4-gdea44cf6ec (webtiles) character file.

Game seed: 16296688804232594561

2 qw the Grasshopper (level 1, 0/12 HPs)
             Began as a Tengu Warper on Aug 28, 2022.
             Slain by a kobold
             ... wielding a +0 dagger
              (2 damage)
             ... on level 1 of the Dungeon.
             The game lasted 00:00:00 (95 turns).

qw the Grasshopper (Tengu Warper)                     Turns: 95, Time: 00:00:01

Health: 0/12       AC:  3    Str: 11    XL:     1   Next: 30%
Magic:  4/4        EV: 11    Int: 13    God:
Gold:   34         SH:  0    Dex: 13    Spells: 4/4 levels left

rFire   . . .      SeeInvis .   a - +0 hand axe
rCold   . . .      Faith    .   (no shield)
rNeg    . . .      Spirit   .   b - +0 leather armour
rPois   .          Reflect  .   (helmet restricted)
rElec   .          Harm     .   (no cloak)
rCorr   .          Rampage  .   (no gloves)
Will    .....                   (boots unavailable)
Stlth   +.........              (no amulet)
HPRegen 0.04/turn               (no ring)
MPRegen 0.09/turn               (no ring)

@: no status effects
A: beak, talons 3
a: no special abilities


You were on level 1 of the Dungeon.
You visited 1 branch of the dungeon, and saw 1 of its levels.

You collected 34 gold pieces.


Innate Abilities, Weirdness & Mutations

You have a beak for a mouth.
You have claws for feet.


   Skills:
 - Level 2.0 Fighting
 + Level 2.4 Axes
 - Level 1.0 Throwing
 - Level 1.1 Armour
 - Level 2.1 Dodging
 - Level 2.0 Spellcasting
 - Level 2.4 Translocations


You had 4 spell levels left.
You didn't know any spells.
Your spell library contained the following spells:

 Spells                   Type           Power      Damage    Failure   Level
 Blink                    Tloc           14%        N/A       19%         2
 Gell's Gravitas          Tloc           7%         N/A       36%         3
 Lesser Beckoning         Tloc           7%         N/A       36%         3
 Teleport Other           Tloc           7%         N/A       36%         3
 Manifold Assault         Tloc           7%         N/A       98%         5

Inventory:

Hand Weapons
 a - a +0 hand axe (weapon)
 e - a +0 mace
Armour
 b - a +0 leather armour (worn)
 d - a +2 pair of gloves
Scrolls
 c - a scroll of blinking
Potions
 f - a potion of curing {unknown}

Dungeon Overview and Level Annotations

Branches:
Dungeon (1/15)

Altars:


Message History

The boomerang of dispersal closely misses the ball python.
You hit the ball python.
You kill the ball python!
Things that are here:
6 stones; a ball python corpse You now have 34 gold pieces (gained 10).
d - a +2 pair of gloves
Found a scroll of blinking.
f - a black potion A kobold and a goblin come into view.
The kobold shouts!
The goblin shouts!
A quokka comes into view.
A hobgoblin comes into view.
86 ||| Stepping ~*~*~tactically~*~*~ (stealth).
A quokka and a ball python come into view.
The ball python hisses angrily.
The ball python moves out of view.
89 ||| Stepping ~*~*~tactically~*~*~ (stealth).
You closely miss the kobold. Your kick misses the kobold.
Your peck misses the kobold. The kobold misses you. x2
You hit the goblin.
The goblin is severely wounded.
You hit the kobold but do no damage. The goblin hits you with a +0 dagger.
The kobold hits you with a +0 dagger.
You hit the goblin.
You kill the goblin!
You closely miss the kobold. The kobold hits you with a +0 dagger.
You completely miss the quokka. Your kick misses the quokka.
You closely miss the kobold. The kobold hits you with a +0 dagger.
The quokka bites you.
You hit the quokka. Your kick misses the quokka. Your peck misses the quokka.
The quokka is almost dead.
You hit the kobold. The quokka bites you. The kobold closely misses you.
You barely miss the quokka. You claw the quokka.
You kill the quokka!
You hit the kobold but do no damage. The kobold closely misses you.
The kobold hits you with a +0 dagger.
You die...

#######
###########S###.###
#........#@K.......
#.######...##.###.#
#.######.#.# ..
#.......g#... r##
#..#####.#.#.# ...
#..# #...#... S#
#######..##....#.#
#.# g
.(........#.##.#..
...
.######...#.##.#.#
#.


You could see a hobgoblin (wandering), a ball python and a kobold.

Vanquished Creatures
  A goblin (D:1)
  A quokka (D:1)
  A ball python (D:1)
3 creatures vanquished.

Notes
Turn   | Place    | Note
-------+----------+-------------------------------------------
     0 | D:1      | qw the Tengu Warper began the quest for the Orb.
     0 | D:1      | Reached XP level 1. HP: 12/12 MP: 4/4
     0 | D:1      | 0 ||| qw: Version: 0.1-a-89-g26bdef1
     0 | D:1      | 0 ||| qw: Game counter: 1143
     0 | D:1      | 0 ||| qw: Always use a shield: true
     0 | D:1      | 0 ||| qw: God list: Okawaru
     0 | D:1      | 0 ||| qw: Allow faded altars: false
     0 | D:1      | 0 ||| qw: Do Orc after D:15 true
     0 | D:1      | 0 ||| qw: Do second Lair branch before Depths: true
     0 | D:1      | 0 ||| qw: Lair rune preference: random
     0 | D:1      | 0 ||| qw: Plans: Normal
     0 | D:1      | 0 ||| PLANNING D:1-11
    86 | D:1      | 86 ||| Stepping ~*~*~tactically~*~*~ (stealth).
    89 | D:1      | 89 ||| Stepping ~*~*~tactically~*~*~ (stealth).
    93 | D:1      | HP: 3/12 [quokka (1)]
    95 | D:1      | Slain by a kobold

Levels and vault maps discovered:
D:1:      dpeg_arrival_erosion, layout_loops_ring, serial_bayou_pond_c,
          nicolae_concentric_dashed_squares_wild

Action                   || total
-------------------------++-------
Melee: Hand axe          ||     7
       Kick              ||     1
Throw: Boomerang         ||     7
Dodge: Dodged            ||     4

Table legend:
 A = Non-vault XP
 B = Vault XP
 C = Vault XP percentage of total XP
 D = Non-vault monster count
 E = Vault monster count
 F = Vault count percentage of total count
                 A         B        C        D         E       F
            +---------+---------+-------+---------+---------+-------
      Total |       5 |       0 |   0.0 |       3 |       0 |   0.0
            +---------+---------+-------+---------+---------+-------
        D:1 |       5 |       0 |   0.0 |       3 |       0 |   0.0
            +---------+---------+-------+---------+---------+-------
